 Dungeon Crawl Stone Soup version 0.25-a0-641-g189b929 (webtiles) character file.

Game seed: 10118221829738056127, levelgen mode: deterministic

415 MrTaco21 the Cudgeler (level 6, -3/37 HPs)
             Began as a Gargoyle Fighter on Mar 20, 2020.
             Was an Initiate of Qazlal.
             Splashed by a gnoll's acid (15 damage)
             ... on level 3 of the Dungeon.
             The game lasted 00:05:28 (3362 turns).

MrTaco21 the Cudgeler (Gargoyle Fighter)            Turns: 3362, Time: 00:05:28

Health: -3/37      AC: 22    Str: 22    XL:     6   Next: 91%
Magic:  6/6        EV:  5    Int:  8    God:    Qazlal [......]
Gold:   184        SH:  9    Dex: 13    Spells: 5/5 levels left

rFire    . . .     SeeInvis .   g - +0 mace (protect)
rCold    . . .     Gourm    .   c - +0 kite shield
rNeg     + . .     Faith    .   s - +0 chain mail {rPois}
rPois    ∞         Spirit   .   w - +0 helmet
rElec    +         Reflect  .   i - +0 cloak
rCorr    .         Harm     .   (no gloves)
MR       .....                  (no boots)
Stlth    ..........             (no amulet)
HPRegen  0.12/turn              l - ring of attention (curse)
MPRegen  0.10/turn              h - +4 ring of dexterity

@: protection aura
A: negative energy resistance 1, electricity resistance, unbreathing,
petrification resistance, rot immunity, AC +4
a: Renounce Religion


You were on level 3 of the Dungeon.
You worshipped Qazlal.
Qazlal was noncommittal.
You were not hungry.

You visited 2 branches of the dungeon, and saw 6 of its levels.

You collected 184 gold pieces.

Inventory:

Hand Weapons
 g - a +0 mace of protection (weapon)
   (You found it on level 1 of the Dungeon)
Armour
 c - a +0 kite shield (worn)
 i - a +0 cloak (worn)
   (You found it on level 1 of the Dungeon)
 s - a +0 chain mail of poison resistance (worn)
   (You found it on level 1 of the Dungeon)
 w - a +0 helmet (worn)
   (You found it on level 2 of the Dungeon)
Jewellery
 b - an uncursed ring of fire
   (You found it on level 2 of the Dungeon)
 h - a +4 ring of dexterity (right hand)
   (You found it on level 1 of the Dungeon)
 l - a cursed ring of attention (left hand)
   (You found it on level 1 of the Dungeon)
Wands
 d - a wand of iceblast (9)
   (You found it on level 3 of the Dungeon)
 v - a wand of polymorph (16)
   (You found it on level 2 of the Dungeon)
Scrolls
 a - 2 scrolls of remove curse {unknown}
 f - 2 scrolls of magic mapping {unknown}
 j - 2 scrolls of fear {unknown}
 n - 8 scrolls of identify {unknown}
 o - a scroll of amnesia {unknown}
 p - 2 scrolls of teleportation {unknown}
 y - a scroll of blinking {unknown}
Potions
 k - 2 potions of lignification {unknown}
 m - 2 potions of curing {unknown}
 r - a potion of degeneration {unknown}
 t - a potion of might
 u - 3 potions of cancellation {unknown}
 x - a potion of heal wounds {unknown}
Comestibles
 e - 9 rations {!d}
 q - 5 chunks of flesh


   Skills:
 - Level 3.2 Fighting
 + Level 7.2 Maces & Flails
 - Level 3.2 Armour
 - Level 3.2 Shields


You had 5 spell levels left.
You didn't know any spells.
Your spell library was empty.

Dungeon Overview and Level Annotations

Branches:
Dungeon (5/15)             Temple (1/1) D:4

Altars:
Ashenzari
Cheibriados
Elyvilon
Fedhas
Gozag
Hepliaklqana
Kikubaaqudgha
Makhleb
Okawaru
Qazlal
Sif Muna
Vehumet
Wu Jian
Xom
Yredelemnul
Zin

Annotations:
D:3 1 transporter, Senshi's ghost, amateur GrEE


Innate Abilities, Weirdness & Mutations

You are resistant to torment.
Your stone body is resilient. (AC +4)
You are immune to poison.
You resist negative energy. (rN+)
You are resistant to electric shocks. (rElec)
You can survive without breathing.
You are immune to petrification.
You are immune to rotting.


Message History

You block the gnoll's attack.
The gnoll hits you from afar with the +7 halberd "Goto" {venom, rPois}.
You thump the gnoll!
You kill the gnoll!
Qazlal accepts your kill.
The gnoll hits you but does no damage. x2
You sock the gnoll! You block the gnoll's attack.
The gnoll hits you but does no damage. You block the gnoll's attack.
You hit the gnoll.
The plant is destroyed!
You block the gnoll's attack.
The gnoll hits you from afar with the +7 halberd "Goto" {venom, rPois}.
You closely miss the gnoll. The gnoll hits you but does no damage.
The gnoll barely misses you.
Your shield prevents you from hitting the gnoll.
You block the gnoll's attack. x2; The gnoll hits you but does no damage. x2
You block the gnoll's attack.
You hit the gnoll but do no damage. You block the gnoll's attack.
The gnoll barely misses you. You block the gnoll's attack.
You hit the gnoll but do no damage. The gnoll barely misses you.
The gnoll hits you but does no damage.
The gnoll zaps a wand.
The bolt of acid hits you.
You are splashed with acid!
* * * LOW HITPOINT WARNING * * *
You hit the gnoll but do no damage.
The gnoll hits you from afar with the +7 halberd "Goto" {venom, rPois}.
* * * LOW HITPOINT WARNING * * *
You block the gnoll's attack. x2
The gnoll throws a throwing net.
The throwing net hits you.
You become entangled in the net!
The gnoll hits you but does no damage.
You see here a throwing net {!f}.
You struggle against the net.
The gnoll hits you but does no damage. The gnoll completely misses you.
You struggle against the net.
The gnoll barely misses you. The gnoll hits you but does no damage.
You shred the net and break free! The gnoll barely misses you.
The gnoll hits you but does no damage.
A gnoll comes into view.
The gnoll shouts!
You block the gnoll's attack. x2
Senshi's ghost (amateur Gargoyle Earth Elementalist) comes into view.
Senshi's ghost turns its malevolent gaze towards you.
You hit the gnoll but do no damage.
Your weapon exudes an aura of protection.
The gnoll hits you but does no damage. You block the gnoll's attack.
You hit the gnoll.
The gnoll zaps a wand.
The bolt of acid hits you but does no damage.
You are splashed with acid!
You die...

>.......≈≈..# # .#.#..≈≈........
....###.≈≈.##. #.##.≈≈....####
.#......≈≈.#.. #..#.≈≈.##.#
...÷###.≈≈.##.#####.##.≈≈.##.#
###.....≈≈..#W#8⌠8#.#.....##.# #
# ##.#..≈≈.©#.'.©g).#©....##.# #
#.##.≈≈..#.#Pgg#.#........# # #
##....≈≈.##.##.##.##.≈≈.#### #
###.##..≈≈.#©.#g@.#..#.≈≈.# #
)..####.≈≈.##.'...'.##.≈≈.# #
[).# #.≈≈..#.#..P#.#..≈≈.# # ...#
#.≈≈###.##'##.###≈≈.# # ...#
##.≈≈#...........#≈≈.# #
...###..≈≈#8.###.###.8#≈≈.# #
........≈≈#..#8###8#..#≈≈.# #
..#####.≈≈####.....####≈≈.#######
........≈≈≈≈≈≈≈≈≈≈≈≈≈≈≈≈≈........


You could see Senshi's ghost and 4 gnolls.

Vanquished Creatures
  An orc warrior (D:3)
  An orc priest (D:3)
  3 orc wizards
  Jessica (D:3)
  An iguana (D:4)
  2 adders (D:3)
  3 gnolls
  2 oozes (D:1)
  4 dart slugs
  2 leopard geckos
  13 orcs (D:3)
  2 giant cockroaches
  7 goblins
  4 hobgoblins
  8 jackals (D:2)
  8 kobolds
  A quokka (D:2)
  2 ball pythons
  9 bats
  2 frilled lizards
  5 rats
81 creatures vanquished.

Vanquished Creatures (others)
  4 plants (D:3)
4 creatures vanquished.

Grand Total: 85 creatures vanquished

Notes
Turn   | Place    | Note
-------+----------+-------------------------------------------
     0 | D:1      | MrTaco21 the Gargoyle Fighter began the quest for the Orb.
     0 | D:1      | Reached XP level 1. HP: 14/14 MP: 1/1
   168 | D:1      | Reached XP level 2. HP: 19/19 MP: 2/2
   218 | D:1      | Reached skill level 3 in Maces & Flails
   274 | D:1      | Reached XP level 3. HP: 12/23 MP: 3/3
  1111 | D:2      | Reached skill level 4 in Maces & Flails
  1213 | D:2      | Reached XP level 4. HP: 28/28 MP: 4/4
  2118 | D:3      | Reached skill level 5 in Maces & Flails
  2118 | D:3      | Reached XP level 5. HP: 27/32 MP: 5/5
  2202 | D:3      | Found a transporter.
  2208 | D:3      | Identified the +7 halberd "Goto" {venom, rPois}
  2370 | D:3      | You fall into a shaft and drop 2 floors!
  2370 | D:5      | Entered Level 5 of the Dungeon
  2370 | D:5      | Noticed an ogre
  2380 | D:5      | Found an ancient bone altar of Kikubaaqudgha.
  2384 | D:5      | Noticed an ice beast
  2476 | D:4      | Found a staircase to the Ecumenical Temple.
  2485 | Temple   | Entered the Ecumenical Temple
  2645 | Temple   | Became a worshipper of Qazlal Stormbringer
  2700 | D:3      | Found a snail-covered altar of Cheibriados.
  2749 | D:3      | Noticed an orc warrior
  2755 | D:3      | Noticed Jessica
  2994 | D:3      | Reached skill level 6 in Maces & Flails
  2994 | D:3      | Reached XP level 6. HP: 37/37 MP: 6/6
  3026 | D:3      | Found a transporter.
  3189 | D:3      | Killed an orc warrior
  3198 | D:3      | Reached skill level 7 in Maces & Flails
  3208 | D:3      | Killed Jessica
  3360 | D:3      | Noticed Senshi's ghost (amateur GrEE)
  3362 | D:3      | Splashed by a gnoll's acid

Levels and vault maps discovered:
D:1:      minmay_arrival_diagonal_passages, layout_basic,
          kennysheep_nondescript, minmay_pentomino_w2
D:2:      layout_basic, first_ration, minmay_fractal_squares_5
D:3:      layout_loops_ring, cheibriados_altar_1, gammafunk_ghost_gnarly_gnolls,
          uniq_jessica
D:4:      layout_basic, minmay_temple_entry_stoned_glass, minmay_statues_item
D:5:      layout_basic, overflow_temple_1_default, uniq_pikel
Temple:   eino_narrow_crystal_temple

Skill      XL: |  1  2  3  4  5  6 |
---------------+-------------------+-----
Maces & Flails | 3 4 5 6 7 |  7.2
Fighting       | |  3.2
Armour         | |  3.2
Shields        | |  3.2

Action                   |  1- 3 |  4- 6 || total
-------------------------+-------+-------++-------
Melee: Mace              |    93 |   228 ||   321
  Eat: Chunk             |     1 |     7 ||     8
Armor: Scale mail        |    35 |       ||    35
       Chain mail        |    29 |   191 ||   220
Dodge: Dodged            |    27 |    49 ||    76
Block: Kite shield       |    49 |   137 ||   186

Table legend:
 A = Non-vault XP
 B = Vault XP
 C = Vault XP percentage of total XP
 D = Non-vault monster count
 E = Vault monster count
 F = Vault count percentage of total count
                 A         B        C        D         E       F
            +---------+---------+-------+---------+---------+-------
      Total |     518 |      75 |  12.6 |      73 |       8 |   9.9
            +---------+---------+-------+---------+---------+-------
        D:1 |      54 |      14 |  20.6 |      16 |       1 |   5.9
        D:2 |      37 |       9 |  19.6 |      19 |       5 |  20.8
        D:3 |     353 |      52 |  12.8 |      35 |       2 |   5.4
        D:4 |      74 |       0 |   0.0 |       3 |       0 |   0.0
            +---------+---------+-------+---------+---------+-------
